 Dungeon Crawl Stone Soup version 0.26.1-11-gd32895ea62 (webtiles) character file.

Game seed: 2878389260782916054

117 Ijustatesigmund the Cudgeller (level 5, -1/33 HPs)
             Began as an Octopode Fighter on July 15, 2021.
             Slain by an orc
             ... wielding a +0 flail
              (3 damage)
             ... on level 3 of the Dungeon.
             The game lasted 00:04:16 (2035 turns).

Ijustatesigmund the Cudgeller (Octopode Fighter)    Turns: 2035, Time: 00:04:16

Health: -1/33      AC:  1    Str: 15    XL:     5   Next: 1%
Magic:  5/5        EV: 12    Int: 10    God:
Gold:   150        SH:  8    Dex: 13    Spells: 4/4 levels left

rFire    . . .     SeeInvis .   a - +1 flail
rCold    + . .     Faith    .   b - +0 kite shield
rNeg     . . .     Spirit   .   (helmet restricted)
rPois    .         Reflect  .   e - amulet of regeneration
rElec    .         Harm     .   g - ring of protection from cold
rCorr    .         Rampage  .   (no ring)
Will     .....                  (no ring)
Stlth    ++........             (no ring)
HPRegen  0.51/turn              (no ring)
MPRegen  0.09/turn              (no ring)
                                (no ring)
                                (no ring)

@: no status effects
A: almost no armour, stealthy swim, amphibious, 8 rings, constrict 8, antennae
1, camouflage 1, frail 1, gelatinous body 1, MP-powered wands
a: no special abilities


You were on level 3 of the Dungeon.
You visited 1 branch of the dungeon, and saw 3 of its levels.

You collected 150 gold pieces.

Inventory:

Hand Weapons
 a - a +1 flail (weapon)
Missiles
 l - 3 atropa-tipped darts (quivered)
Armour
 b - a +0 kite shield (worn)
Jewellery
 e - an amulet of regeneration (around mantle)
 g - a ring of protection from cold (left tentacle)
Scrolls
 d - a scroll of amnesia
 h - a scroll of immolation
 m - a scroll of identify
Potions
 c - a potion of might
 f - a potion of curing
 i - a potion of ambrosia
 j - a potion of flight
 k - 2 potions of mutation


   Skills:
 + Level 4.0 Fighting
 + Level 4.2 Maces & Flails
 - Level 3.0 Dodging
 - Level 3.0 Shields


You had 4 spell levels left.
You didn't know any spells.
Your spell library was empty.

Dungeon Overview and Level Annotations

Branches:
Dungeon (3/15)

Altars:


Innate Abilities, Weirdness & Mutations

You cannot wear most types of armour.
You are very stealthy in the water. (Stealth+)
You are amphibious.
You can wear up to eight rings at the same time.
You can use your tentacles to constrict eight enemies at once.
Your skin changes colour to match your surroundings (Stealth+).
Your rubbery body absorbs attacks. (AC +1, EV +1)
You have a pair of small antennae on your head.
You are frail. (-10% HP)
You expend magic power (3 MP) to strengthen your wands.


Message History

You feel your magical essence link to the dungeon's wands.
A pair of antennae grows on your head! You block the orc's attack. x2
The orc priest invokes the aid of Beogh against you.
Beogh smites you!
* * * LOW HITPOINT WARNING * * *
The orc closely misses you. The orc completely misses you.
You closely miss the orc priest. Your grab misses the orc priest.
You squeeze the orc priest.
The orc priest is moderately wounded.
A bat comes into view.
You block the orc priest's attack. The orc closely misses you.
The orc hits you with a +0 trident!
* * * LOW HITPOINT WARNING * * *
The orc hits you with a +0 falchion.
* * * LOW HITPOINT WARNING * * *
You feel better. You block the orc priest's attack. The orc hits you.
* * * LOW HITPOINT WARNING * * *
The orc hits you with a +0 flail.
You die...

......#.##....##...#....
.........##....##.#.#....
..........#.....#........
.......#.......)).#.#....
.......###...............
.......#.................
##.##......#####.#.....
##oo..#..# #.###...
#bo@####.# #..###..
#....oo# #.# ##..##..
#..##.## #.# ##.##.. #.
.. #.## #.##.. # .#.
#.<#####..... ....
##...).......
....#######.##..#.....
........†.........≈≈...
.#.............≈≈≈...


You could see an orc priest, 4 orcs and a bat.

Vanquished Creatures
  5 adders
  An ooze (D:1)
  A worm (D:2)
  A leopard gecko (D:1)
  5 orcs (D:3)
  5 giant cockroaches
  2 hobgoblins (D:2)
  3 jackals (D:3)
  A quokka (D:3)
  10 bats
  4 frilled lizards
  6 goblins
  10 kobolds
  11 rats
65 creatures vanquished.

Vanquished Creatures (others)
  2 adders (D:3)
  A kobold (D:3)
3 creatures vanquished.

Grand Total: 68 creatures vanquished

Notes
Turn   | Place    | Note
-------+----------+-------------------------------------------
     0 | D:1      | Ijustatesigmund the Octopode Fighter began the quest for
                  | the Orb.
     0 | D:1      | Reached XP level 1. HP: 16/16 MP: 1/1
   166 | D:1      | Reached XP level 2. HP: 21/21 MP: 2/2
   590 | D:1      | Reached XP level 3. HP: 26/26 MP: 3/3
  1302 | D:2      | Reached XP level 4. HP: 32/32 MP: 4/4
  1999 | D:3      | Reached XP level 5. HP: 28/37 MP: 5/5
  2032 | D:3      | Gained mutation: You are frail. (-10% HP) [potion of
                  | mutation]
  2032 | D:3      | Gained mutation: You expend magic power (3 MP) to
                  | strengthen your wands. [potion of mutation]
  2032 | D:3      | Gained mutation: You have a pair of small antennae on your
                  | head. [potion of mutation]
  2035 | D:3      | Slain by an orc

Illustrated notes

Levels and vault maps discovered:
D:1:      amcnicky_arrival_flooded_fountain, layout_loops_cross
D:2:      layout_loops_ring, moated_statue, minmay_misc_feat_more_columns
D:3:      layout_rooms, lemuel_old_faithful

Skill      XL: |  1  2  3  4 |
---------------+-------------+-----
Maces & Flails | 3 4 |  4.2
Fighting       | 4 |  4.0
Dodging        | |  3.0
Shields        | |  3.0

Action                   |  1- 3 |  4- 6 || total
-------------------------+-------+-------++-------
Melee: Flail             |    73 |    55 ||   128
       Constrict         |    17 |    11 ||    28
       Tentacles         |     8 |    10 ||    18
  Use: Scroll            |     5 |     1 ||     6
       Potion            |       |     2 ||     2
 Stab: Sleeping          |     9 |     3 ||    12
Armor: Skin              |    13 |     5 ||    18
Dodge: Dodged            |    29 |    30 ||    59
Block: Kite shield       |    29 |    29 ||    58
